 Dungeon Crawl Stone Soup version 0.27-a0-1277-g3808f8b1c9 (webtiles) character file.

Game seed: 10394401970298047652

130 Glokmah the Sneak (level 5, -3/32 HPs)
             Began as a Kobold Brigand on June 12, 2021.
             Succumbed to Sigmund's poison
             ... on level 2 of the Dungeon.
             The game lasted 00:04:13 (3157 turns).

Glokmah the Sneak (Kobold Brigand)                  Turns: 3157, Time: 00:04:14

Health: -3/32      AC:  4    Str: 10    XL:     5   Next: 36%
Magic:  6/6        EV: 14    Int: 12    God:
Gold:   164        SH:  0    Dex: 16    Spells: 2/4 levels left

rFire    + . .     SeeInvis .   a - +2 dagger
rCold    + . .     Faith    .   (shield restricted)
rNeg     . . .     Spirit   .   g - +0 leather armour
rPois    +         Reflect  .   (no helmet)
rElec    +         Harm     .   c - +0 cloak
rCorr    +         Rampage  .   (no gloves)
Will     .....                  (no boots)
Stlth    ++++......             (no amulet)
HPRegen  0.10/turn              f - ring of wizardry
MPRegen  0.10/turn              n - ring of resist corrosion

@: mighty, lethally poisoned (-3 -> -20), resistant
A: small, no large weapons, nightstalker 3
a: no special abilities


You were on level 2 of the Dungeon.
You visited 1 branch of the dungeon, and saw 2 of its levels.

You collected 164 gold pieces.

Inventory:

Hand Weapons
 a - a +2 dagger (weapon)
Missiles
 d - 8 poisoned darts (quivered)
 e - 2 curare-tipped darts
 j - 76 stones
Armour
 c - a +0 cloak (worn)
 g - a +0 leather armour (worn)
 i - a +0 buckler
Jewellery
 f - a ring of wizardry (left hand)
 n - a ring of resist corrosion (right hand)
Wands
 l - a wand of polymorph (3)
Scrolls
 h - 2 scrolls of identify {unknown}
 k - 3 scrolls of teleportation {unknown}
 m - 3 scrolls of blinking {unknown}


   Skills:
 + Level 2.8 Fighting
 * Level 4.1 Short Blades
 + Level 2.6 Throwing
 + Level 2.2 Dodging
 * Level 6.1 Stealth
 + Level 0.3 Spellcasting
 + Level 0.6 Translocations
 * Level 1.7 Invocations


You had 2 spell levels left.
You knew the following spells:

 Your Spells              Type           Power      Damage    Failure   Level
a - Blink                 Tloc           N/A        N/A       21%         2

Your spell library contained the following spells:

 Spells                   Type           Power      Damage    Failure   Level
 Magic Dart               Conj           0%         1d3       17%         1
 Call Imp                 Summ           0%         N/A       26%         2
 Searing Ray              Conj           0%         3d3       26%         2
 Slow                     Hex            0%         N/A       26%         2
 Conjure Flame            Conj/Fire      0%         6-21      45%         3
 Dazzling Flash           Conj/Hex       0%         N/A       45%         3
 Mephitic Cloud           Conj/Pois/Air  0%         N/A       45%         3
 Iskenderun's Mystic Bla  Conj/Tloc      0%         2d3       80%         4
 Fulminant Prism          Conj/Hex       0%         3d6       83%         4


Dungeon Overview and Level Annotations

Branches:
Dungeon (2/15)

Altars:
Sif Muna

Annotations:
D:2 Sigmund


Innate Abilities, Weirdness & Mutations

You are small and have problems with some larger weapons.
You are completely attuned to the shadows.


Message History

Press: ? - help, Shift-Dir - straight line, f - Sigmund
Aim: Sigmund, wielding a +2 scythe of venom and wearing a +0 robe (wandering, hasn't noticed you, will become an adder, a bat, or a killer bee, chance to affect: 54%) Sigmund shouts!
Sigmund resists with significant effort.
Sigmund closely misses you.
Aiming: Polymorph
Press: ? - help, Shift-Dir - straight line, f/p - Sigmund
Aim: Sigmund, wielding a +2 scythe of venom and wearing a +0 robe (will become an adder, a bat, or a killer bee, chance to affect: 54%) Sigmund resists with significant effort.
Sigmund hits you from afar with a +2 scythe of venom!
You are poisoned.
Aiming: Polymorph
Press: ? - help, Shift-Dir - straight line, f/p - Sigmund
Aim: Sigmund, wielding a +2 scythe of venom and wearing a +0 robe (will become an adder, a bat, or a killer bee, chance to affect: 54%) Sigmund resists with significant effort.
You feel very sick.
Sigmund hits you from afar with a +2 scythe of venom.
You are lethally poisoned!
Aiming: Polymorph
Press: ? - help, Shift-Dir - straight line, f/p - Sigmund
Aim: Sigmund, wielding a +2 scythe of venom and wearing a +0 robe (will become an adder, a bat, or a killer bee, chance to affect: 54%) Sigmund resists with significant effort.
* * * LOW HITPOINT WARNING * * *
You feel very sick.
Sigmund screams, "You will never...
NEVER!!!"
Sigmund barely misses you.
It was a potion of might.
You feel very mighty all of a sudden.
* * * LOW HITPOINT WARNING * * *
You feel very sick.
Sigmund hits you from afar with a +2 scythe of venom.
* * * LOW HITPOINT WARNING * * *
You are more poisoned.
It was a potion of resistance.
You feel protected.
* * * LOW HITPOINT WARNING * * *
You feel very sick. Sigmund barely misses you.
You aren't carrying any potions.
You die...

#.#......####### #.
#.#..##........# #.
#.#..##>......†# #.
#.#.....#.##.#.# #.
#.#.###.#...<#.# #.
#.#.....#......# #.
#.#####.#......# ## #.#
...@.....# #. #.#
####@....# #. #.#
.........# #. #.#
#####....# ##### #.# #....#
#.#.# #.#########....#
#.#.#
#.##...........########.#.#
#.##.#####................#
#.##.....#................#
#.######.#.#.##..........[.


You could see Sigmund.

Vanquished Creatures
  Terence (D:2)
  5 adders (D:2)
  A worm (D:2)
  A dart slug (D:1)
  2 bats (D:1)
  8 endoplasms
  4 giant cockroaches
  5 goblins
  3 hobgoblins
  7 jackals
  A quokka (D:2)
  6 ball pythons
  6 frilled lizards
  5 kobolds
  A rat (D:2)
56 creatures vanquished.

Notes
Turn   | Place    | Note
-------+----------+-------------------------------------------
     0 | D:1      | Glokmah the Kobold Brigand began the quest for the Orb.
     0 | D:1      | Reached XP level 1. HP: 12/12 MP: 1/1
   390 | D:1      | Reached XP level 2. HP: 18/18 MP: 2/2
   831 | D:1      | Reached XP level 3. HP: 22/22 MP: 3/3
   834 | D:1      | Learned a level 2 spell: Blink
  1523 | D:2      | Reached XP level 4. HP: 11/27 MP: 4/4
  1875 | D:2      | Reached skill level 1 in Invocations
  2548 | D:2      | Found a shimmering blue altar of Sif Muna.
  2550 | D:2      | Noticed Terence
  2575 | D:2      | Killed Terence
  2576 | D:2      | Reached skill level 6 in Stealth
  2576 | D:2      | Reached XP level 5. HP: 24/32 MP: 6/6
  2892 | D:2      | Noticed Sigmund
  3156 | D:2      | HP: 1/32 [poisoned by Sigmund]
  3157 | D:2      | Succumbed to Sigmund's poison

Illustrated notes

Levels and vault maps discovered:
D:1:      roderic_crop_circles_arrival_small, layout_basic,
          minmay_misc_feat_chi, st_stairs_7, minmay_split_cup_small
D:2:      minmay_door_path, layout_basic, kennysheep_flooded_box,
          minmay_pentomino_pile, uniq_terence, uniq_sigmund,
          uniq_crazy_yiuf_cottage

Skill      XL: |  1  2  3  4 |
---------------+-------------+-----
Short Blades   | 3 4 |  4.1
Invocations    | 1 |  1.7
Dodging        | 2 |  2.2
Stealth        | 6 |  6.1
Fighting       | |  2.8
Throwing       | |  2.6
Spellcasting   | |  0.3
Translocations | |  0.6

Action                   |  1- 3 |  4- 6 || total
-------------------------+-------+-------++-------
Melee: Dagger            |    84 |    86 ||   170
Throw: Dart              |     4 |    16 ||    20
Evoke: Wand              |       |     4 ||     4
  Use: Potion            |       |     2 ||     2
 Stab: Sleeping          |    16 |     7 ||    23
Armor: Leather armour    |    20 |    13 ||    33
       Robe              |     1 |       ||     1
Dodge: Dodged            |    42 |    54 ||    96

Table legend: (Time is in decaauts)
 A = Elapsed time spent in this place.
 B = Non-inter-level travel time spent in this place.
 C = Inter-level travel time spent in this place.
 D = Time resting spent in this place.
 E = Time spent auto-exploring this place.
 F = Levels seen in this place.
 G = Mean time per level.
                   A        B        C        D        E       F      G
               +--------+--------+--------+--------+--------+-----+--------+
         Total |   3126 |   2974 |    152 |    595 |   1856 |   2 | 1563.0 |
       Dungeon |   3126 |   2974 |    152 |    595 |   1856 |   2 | 1563.0 |
               +--------+--------+--------+--------+--------+-----+--------+

Top non-repeatable levels by time:
     D:2: 1647 daAuts
     D:1: 1479 daAuts
